 Dungeon Crawl Stone Soup version 0.28.0 (webtiles) character file.

Game seed: 6677777186425403175

2080 Renzlar the Shield-Bearer (level 9, -2/74 HPs)
             Began as a Gnoll Fighter on Feb 8, 2022.
             Was a Follower of Okawaru.
             Killed by an exploding electric eel (5 damage)
             ... ignited by their inner flame
             ... in a bailey.
             The game lasted 00:19:55 (6762 turns).

Renzlar the Shield-Bearer (Gnoll Fighter)           Turns: 6762, Time: 00:19:56

Health: -2/74      AC: 20    Str: 19    XL:     9   Next: 26%
Magic:  13/15      EV: 11    Int:  9    God:    Okawaru [*.....]
Gold:   352        SH:  0    Dex: 11    Spells: 16/16 levels left

rFire   + + +      SeeInvis .   q - +7 great mace "Firestarter" {inner flame, rF++}
rCold   . . .      Faith    .   (shield currently unavailable)
rNeg    . . .      Spirit   .   m - +2 chain mail {rF+}
rPois   .          Reflect  .   (no helmet)
rElec   .          Harm     .   k - +0 cloak
rCorr   .          Rampage  .   (no gloves)
Will    +....                   (no boots)
Stlth   +.........              (no amulet)
HPRegen 0.22/turn               t - ring of willpower
MPRegen 0.14/turn               p - +4 ring of protection

@: heroic
A: fangs 1, strong nose, distributed training
a: Renounce Religion, Heroism


You were in a bailey.
You worshipped Okawaru.
Okawaru was aware of your devotion.
You visited 2 branches of the dungeon, and saw 8 of its levels.
You also visited: Bailey.

You collected 352 gold pieces.

Inventory:

Hand Weapons
 a - a +4 war axe
 c - a +0 hunting sling
 q - the +7 great mace "Firestarter" (weapon) {inner flame, rF++}
   (You found it on level 2 of the Dungeon)

   It burns those it strikes, dealing additional fire damage.
   It fills those it strikes with an explosive inner flame.
   It grants immunity to clouds of flame.
   rF:        It greatly protects you from fire.
Missiles
 e - 51 sling bullets
 g - 131 stones (quivered)
 j - 7 poisoned darts
Armour
 b - a +0 scale mail
 k - a +0 cloak (worn)
 m - a +2 chain mail of fire resistance (worn)
Jewellery
 l - a ring of see invisible
 p - a +4 ring of protection (right hand)
 r - a +6 ring of dexterity
 t - a ring of willpower (left hand)
 u - a ring of willpower
 B - a ring of protection from cold
Wands
 y - a wand of iceblast (9)
Scrolls
 s - a scroll of brand weapon {unknown}
 w - 2 scrolls of teleportation
Potions
 d - 2 potions of might
 f - a potion of mutation
 h - a potion of attraction {unknown}
 i - 3 potions of curing {unknown}
 n - 2 potions of ambrosia {unknown}
 o - a potion of heal wounds
 v - a potion of magic {unknown}
 A - 2 potions of cancellation {unknown}


   Skills:
 + Level 7.8(12.8) Fighting
 + Level 4.0(9.0) Short Blades
 + Level 4.0(9.0) Long Blades
 + Level 6.2(11.2) Axes
 + Level 4.0(9.0) Maces & Flails
 + Level 4.0(9.0) Polearms
 + Level 4.0(9.0) Staves
 + Level 4.0(9.0) Slings
 + Level 4.0(9.0) Bows
 + Level 4.0(9.0) Crossbows
 + Level 4.0(9.0) Throwing
 + Level 7.8(12.8) Armour
 + Level 4.0(9.0) Dodging
 + Level 4.0(9.0) Stealth
 + Level 7.8(12.8) Shields
 + Level 4.0(9.0) Unarmed Combat
 + Level 4.0 Spellcasting
 + Level 3.3 Conjurations
 + Level 3.3 Hexes
 + Level 3.3 Summonings
 + Level 3.3 Necromancy
 + Level 3.3 Translocations
 + Level 3.3 Transmutations
 + Level 3.3 Fire Magic
 + Level 3.3 Ice Magic
 + Level 3.3 Air Magic
 + Level 3.3 Earth Magic
 + Level 3.3 Poison Magic
 + Level 4.5 Invocations
 + Level 4.0 Evocations


You had 16 spell levels left.
You didn't know any spells.
Your spell library contained the following spells:

 Spells                   Type           Power      Damage    Failure   Level
 Confusing Touch          Hex            7%         N/A       80%         3
 Yara's Violent Unravell  Hex/Tmut       3%         3d4       100%        5
 Enfeeble                 Hex            3%         N/A       100%        7


Dungeon Overview and Level Annotations

Branches:
Dungeon (7/15)             Temple (1/1) D:4          Bailey (1/1)

Altars:
Okawaru
Qazlal

Shops:
D:3 [


Innate Abilities, Weirdness & Mutations

You have very sharp teeth.
Your uncanny sense of smell can sniff out nearby items.
Your experience applies equally to all skills.


Message History

The electric eel is moderately wounded.
The electric eel shoots out a bolt of lightning at you!
The bolt of electricity misses you.
Unknown command.
You miss the electric eel. Your bite misses the electric eel.
The electric eel is moderately wounded.
The electric eel shoots out a bolt of lightning at you!
The bolt of electricity hits you.
* * * LOW HITPOINT WARNING * * *
Unknown command.
You feel much better.
The electric eel shoots out a bolt of lightning at you!
The bolt of electricity hits you!
The electric eel shoots out a bolt of lightning at you!
The bolt of electricity hits you.
* * * LOW HITPOINT WARNING * * *
You gain the combat prowess of a mighty hero.
You bludgeon the electric eel!! You burn the electric eel.
You kill the electric eel!
Okawaru accepts your kill.
The electric eel shoots out a bolt of lightning at you!
The bolt of electricity hits you.
* * * LOW HITPOINT WARNING * * *
Unknown command.
You closely miss the electric eel. You bite the electric eel.
The electric eel is heavily wounded.
The electric eel shoots out a bolt of lightning at you!
The bolt of electricity hits you!
* * * LOW HITPOINT WARNING * * *
You hit the electric eel. You burn the electric eel.
The electric eel is filled with an inner flame.
The electric eel is severely wounded.
The electric eel shoots out a bolt of lightning at you!
The bolt of electricity hits you!
* * * LOW HITPOINT WARNING * * *
You sock the electric eel! You burn the electric eel.
Okawaru accepts your kill.
The electric eel explodes!
The fiery explosion engulfs you. You resist.
You die...

#≈≈≈≈≈# ∆#≈≈≈≈≈#
#≈≈≈≈≈# #≈≈≈≈≈#
#≈≈≈≈≈#
###≈≈≈≈≈#
#.≈≈≈§§§#
#.≈≈≈§§§######
#.≈≈≈§§@.....#
#.≈≈≈≈≈......###
+..............#
+..........∩..∩#
+..............#
#.≈≈≈≈≈......###
#.≈≈≈≈≈......#
#.≈≈≈≈≈.######
#.≈≈≈≈≈≈#


There were no monsters in sight!

Vanquished Creatures
  Grinder (D:6)
  Edmund (D:6)
  An ice beast (D:2)
  A black bear (D:6)
  An ogre (D:5)
  2 phantoms (D:5)
  2 scorpions
  A wyvern zombie (D:6)
  A howler monkey (D:5)
  9 wights
  2 electric eels (Bailey)
  2 bullfrog zombies
  3 hounds
  2 centaur skeletons
  An orc priest (D:4)
  2 gnoll shamans
  2 iguanas
  A hound skeleton (D:4)
  18 gnolls
  6 adders
  A shadow imp (D:6)
  2 white imps (D:5)
  3 worms
  2 dart slugs
  9 orcs
  6 ball pythons
  6 endoplasms
  A giant cockroach (D:2)
  7 hobgoblins
  8 jackals (D:1)
  5 quokkas
  5 bats
  3 frilled lizards
  9 goblins
  7 kobolds
  5 rats
  2 bushes (D:5)
140 creatures vanquished.

Notes
Turn   | Place    | Note
-------+----------+-------------------------------------------
     0 | D:1      | Renzlar the Gnoll Fighter began the quest for the Orb.
     0 | D:1      | Reached XP level 1. HP: 23/23 MP: 1/1
   278 | D:1      | Reached XP level 2. HP: 29/29 MP: 2/2
   437 | D:1      | Reached XP level 3. HP: 35/35 MP: 3/3
   523 | D:1      | Noticed an eye of devastation
   525 | D:1      | Found a faded altar of an unknown god.
   527 | D:1      | Noticed a shining eye
   527 | D:1      | Noticed an eye of devastation
   527 | D:1      | Noticed a golden eye
  1001 | D:2      | Reached skill level 1 in Invocations
  1102 | D:2      | Reached skill level 1 in Short Blades
  1102 | D:2      | Reached skill level 1 in Long Blades
  1102 | D:2      | Reached skill level 1 in Maces & Flails
  1102 | D:2      | Reached skill level 1 in Polearms
  1102 | D:2      | Reached skill level 1 in Staves
  1102 | D:2      | Reached skill level 1 in Slings
  1102 | D:2      | Reached skill level 1 in Bows
  1102 | D:2      | Reached skill level 1 in Crossbows
  1102 | D:2      | Reached skill level 1 in Throwing
  1102 | D:2      | Reached skill level 1 in Dodging
  1102 | D:2      | Reached skill level 1 in Stealth
  1102 | D:2      | Reached skill level 1 in Unarmed Combat
  1102 | D:2      | Reached skill level 1 in Spellcasting
  1102 | D:2      | Reached skill level 1 in Evocations
  1102 | D:2      | Reached XP level 4. HP: 41/41 MP: 5/5
  1166 | D:2      | Found a stormy altar of Qazlal.
  1653 | D:2      | Found the +7 great mace "Firestarter" {inner flame, rF++}
  1841 | D:3      | Noticed a scorpion
  1842 | D:3      | Noticed an ice beast
  1853 | D:2      | Killed an ice beast
  1854 | D:2      | Reached skill level 1 in Conjurations
  1854 | D:2      | Reached skill level 1 in Hexes
  1854 | D:2      | Reached skill level 1 in Summonings
  1854 | D:2      | Reached skill level 1 in Necromancy
  1854 | D:2      | Reached skill level 1 in Translocations
  1854 | D:2      | Reached skill level 1 in Transmutations
  1854 | D:2      | Reached skill level 1 in Fire Magic
  1854 | D:2      | Reached skill level 1 in Ice Magic
  1854 | D:2      | Reached skill level 1 in Air Magic
  1854 | D:2      | Reached skill level 1 in Earth Magic
  1854 | D:2      | Reached skill level 1 in Poison Magic
  1854 | D:2      | Reached XP level 5. HP: 33/47 MP: 5/7
  1857 | D:2      | Reached XP level 6. HP: 16/53 MP: 5/8
  2198 | D:3      | Reached skill level 5 in Axes
  2700 | D:3      | Found Niczil's Antique Armour Boutique.
  2917 | D:4      | Reached XP level 7. HP: 23/59 MP: 10/10
  3731 | D:4      | Found a staircase to the Ecumenical Temple.
  3742 | Temple   | Entered the Ecumenical Temple
  3778 | Temple   | Became a worshipper of Warmaster Okawaru
  3912 | D:5      | Entered Level 5 of the Dungeon
  4022 | D:5      | Reached XP level 8. HP: 65/67 MP: 12/12
  5263 | D:6      | Noticed Edmund
  5274 | D:6      | Killed Edmund
  5730 | D:6      | Reached * piety under Okawaru
  5873 | D:6      | Reached XP level 9. HP: 63/72 MP: 14/14
  6025 | D:6      | Noticed Grinder
  6030 | D:6      | Killed Grinder
  6713 | D:7      | Found a flagged portal.
  6722 | Bailey   | Entered a bailey
  6761 | Bailey   | HP: 3/74 [electric eel/bolt of electricity (7)]
  6762 | Bailey   | Killed by an exploding electric eel... ignited by their
                  | inner flame

Illustrated notes

Levels and vault maps discovered:
D:1:      dpeg_arrival_another_circle, layout_basic,
          hellmonk_ecumenical_altar_watching_god
D:2:      layout_loops_ring, basic_altar, grunt_decor_fettered,
          minmay_box_of_dots
D:3:      layout_rooms, serial_shops, shop
D:4:      layout_basic, temple_green
D:5:      layout_basic, cheibrodos_gnoll_hut
D:6:      layout_basic, st_stairs_4, uniq_edmund, uniq_grinder
D:7:      layout_basic, mainiacjoe_overflow_tiny_flanked, enter_bailey_8,
          eino_curves_03, minmay_misc_feat_chi, kennysheep_path_1, uniq_joseph
Temple:   mainiacjoe_temple_cubbyholes
Bailey:   bailey_axe_of_yendor_kennysheep, bailey

Skill      XL: |  1  2  3  4  5  6  7  8  9 |
---------------+----------------------------+-----
Invocations    | 1 2 3 4 |  4.5
Short Blades   | 1 2 3 4 |  4.0
Long Blades    | 1 2 3 4 |  4.0
Maces & Flails | 1 2 3 4 |  4.0
Polearms       | 1 2 3 4 |  4.0
Staves         | 1 2 3 4 |  4.0
Slings         | 1 2 3 4 |  4.0
Bows           | 1 2 3 4 |  4.0
Crossbows      | 1 2 3 4 |  4.0
Throwing       | 1 2 3 4 |  4.0
Dodging        | 1 2 3 4 |  4.0
Stealth        | 1 2 3 4 |  4.0
Unarmed Combat | 1 2 3 4 |  4.0
Spellcasting   | 1 2 3 4 |  4.0
Evocations     | 1 2 3 4 |  4.0
Conjurations   | 1 2 3 |  3.3
Hexes          | 1 2 3 |  3.3
Summonings     | 1 2 3 |  3.3
Necromancy     | 1 2 3 |  3.3
Translocations | 1 2 3 |  3.3
Transmutations | 1 2 3 |  3.3
Fire Magic     | 1 2 3 |  3.3
Ice Magic      | 1 2 3 |  3.3
Air Magic      | 1 2 3 |  3.3
Earth Magic    | 1 2 3 |  3.3
Poison Magic   | 1 2 3 |  3.3
Axes           | 5 6 |  6.2
Fighting       | 7 |  7.8
Armour         | 7 |  7.8
Shields        | 7 |  7.8

Action                   |  1- 3 |  4- 6 |  7- 9 || total
-------------------------+-------+-------+-------++-------
Melee: War axe           |    74 |    22 |       ||    96
       Bite              |     2 |     7 |    13 ||    22
       Great mace        |       |    70 |   130 ||   200
 Fire: Hunting sling     |    13 |    27 |     6 ||    46
Invok: Heroism           |       |       |     1 ||     1
  Use: Scroll            |     3 |     3 |     7 ||    13
       Potion            |       |       |     1 ||     1
Armor: Scale mail        |    28 |     8 |       ||    36
       Plate armour      |       |   106 |    21 ||   127
       Chain mail        |       |       |    58 ||    58
Dodge: Dodged            |    36 |    46 |    54 ||   136
Block: Buckler           |    25 |     7 |       ||    32
